 Dungeon Crawl Stone Soup version 0.28.0-45-g0d030f2227 (console) character file.

Game seed: 17924854710210405802

58 Faeu the Shield-Bearer (level 3, -2/33 HPs)
             Began as a Minotaur Fighter on Apr 19, 2022.
             Killed by divine providence
             ... invoked by an orc priest
              (15 damage)
             ... on level 3 of the Dungeon.
             The game lasted 00:04:51 (1785 turns).

Faeu the Shield-Bearer (Minotaur Fighter)           Turns: 1785, Time: 00:04:52

Health: -2/33      AC:  9    Str: 22    XL:     3   Next: 76%
Magic:  2/2        EV:  7    Int:  5    God:
Gold:   21         SH:  4    Dex:  9    Spells: 2/2 levels left

rFire   . . .      SeeInvis .   a - +0 long sword {long}
rCold   . . .      Faith    .   c - +0 buckler
rNeg    . . .      Spirit   .   h - +0 chain mail
rPois   .          Reflect  .   (helmet restricted)
rElec   .          Harm     .   (no cloak)
rCorr   .          Rampage  .   (no gloves)
Will    .....                   (no boots)
Stlth   ..........              (no amulet)
HPRegen 0.11/turn               (no ring)
MPRegen 0.08/turn               (no ring)

@: no status effects
A: horns 2, retaliatory headbutt
a: no special abilities


You were on level 3 of the Dungeon.
You visited 1 branch of the dungeon, and saw 3 of its levels.

You collected 21 gold pieces.


Innate Abilities, Weirdness & Mutations

You have a pair of horns on your head.
You reflexively headbutt those who attack you in melee.


   Skills:
 + Level 4.2 Fighting
 + Level 3.2 Long Blades
 + Level 4.2 Armour
 + Level 4.3 Shields


You had 2 spell levels left.
You didn't know any spells.
Your spell library contained the following spells:

 Spells                   Type           Power      Damage    Failure   Level
 Tukima's Dance           Hex            0%         N/A       100%        3
 Anguish                  Hex/Necr       0%         N/A       100%        4
 Enfeeble                 Hex            0%         N/A       100%        7

Inventory:

Hand Weapons
 a - a +0 long sword (weapon) {long}
 n - a +2 vampiric dagger {short}
   (You took it off a goblin on level 3 of the Dungeon)
Armour
 b - a +0 scale mail
 c - a +0 buckler (worn)
 h - a +0 chain mail (worn)
   (You found it on level 1 of the Dungeon)
Wands
 j - a wand of paralysis (9)
   (You found it on level 2 of the Dungeon)
Scrolls
 e - 2 scrolls of summoning {unknown}
 f - 6 scrolls of identify {unknown}
 g - a scroll of immolation {unknown}
 i - a scroll of silence {unknown}
 k - a scroll of teleportation {unknown}
Potions
 d - a potion of might
 l - 2 potions of curing {unknown}
 m - a potion of haste {unknown}
 o - a potion of cancellation {unknown}
 p - a potion of heal wounds {unknown}

Dungeon Overview and Level Annotations

Branches:
Dungeon (3/15)

Altars:

##...## ##.....##
##.......##
#.........#
+.........+
#.........#
#......o# #...o@#
##.o.## ##'##
#########.#
..........#
.#######..######
##.......#
#.....##.#
#.###....##.#
.......#.##.######.
##.###..#...........


You could see an orc priest and 2 orcs.


Message History

You take 2 damage, and now have 25/33 hp.
You barely miss the kobold. You headbutt the kobold.
The kobold hits you but does no damage.
You barely miss the kobold. The kobold hits you but does no damage.
The endoplasm freezes you.
You are frozen. 😮 HP[-5]
You take 5 damage, and now have 20/33 hp.
You hit the kobold.
You kill the kobold!
The goblin hits you but does no damage.
The endoplasm hits you but does no damage.
You block the goblin's attack.
Things that are here:
a +0 dagger {short}; a kobold corpse You hit the endoplasm.
You headbutt the endoplasm.
The endoplasm hits you but does no damage.
The endoplasm barely misses you. You furiously retaliate!
You headbutt the endoplasm. You hit the endoplasm.
You kill the endoplasm!
The giant cockroach barely misses you. 😮 HP[+1]
You slash the giant cockroach!
You kill the giant cockroach!
The goblin hits you with a +2 vampiric dagger. 😮 HP[-1]
You take 1 damage, and now have 20/33 hp.
You slash the goblin!
You kill the goblin!
n - a +2 vampiric dagger {short}
Things that are here:
a +0 dagger {short}; a giant cockroach corpse; a kobold corpse
Things that are here:
a +0 dagger {short}; a kobold corpse
Things that are here:
a +0 dagger {short}; a giant cockroach corpse; a kobold corpse 😮 HP[+1] 😮 HP[+1] 😮 HP[+1]
There is a stone staircase leading up here. 😮 HP[+1] HP restored.
As you open the door, it creaks loudly! 😎 HP[+9]
There is an open door here.
o - a green potion You open the door.
There is an open door here.
f - 6 scrolls labelled QIANKA GETZOFYU (gained 1)
A goblin comes into view. It is wielding a +0 club.
The goblin shouts!
The goblin moves out of view.
You see here an amethyst potion.
You barely miss the goblin. Your headbutt misses the goblin.
The goblin hits you but does no damage.
You miss the goblin. Your headbutt misses the goblin.
The goblin hits you but does no damage.
You hit the goblin.
You kill the goblin!
You see here a +0 club {mace}.
p - an amethyst potion You see here a +0 club {mace}.
You open the door. 2 orcs and an orc priest come into view.
The orc shouts!
The orc priest shouts!
The orc hits you from afar with a +0 trident. 😕 HP[-2]
You take 2 damage, and now have 31/33 hp.
The orc hits you with a +0 trident.
There is an open door here. 😕 HP[-5]
You take 5 damage, and now have 26/33 hp.
You hit the orc. You block the orc priest's attack.
The orc hits you with a +0 trident.
The orc hits you with a +0 club. 😮 HP[-5]
You take 5 damage, and now have 21/33 hp.
You hit the orc but do no damage.
The orc priest hits you from afar with a +0 trident.
The orc hits you with a +0 trident.
* * * LOW HITPOINT WARNING * * *
The orc hits you but does no damage.
You barely miss the orc. The orc priest barely misses you.
The orc closely misses you. The orc hits you but does no damage.
The orc priest hits you but does no damage. 😨 HP[-5]
You take 5 damage, and now have 16/33 hp.
You closely miss the orc. The orc hits you but does no damage.
The orc priest hits you but does no damage.
The orc hits you with a +0 trident.
* * * LOW HITPOINT WARNING * * *
The orc hits you but does no damage.
The orc priest hits you with a +0 trident.
* * * LOW HITPOINT WARNING * * *
You block the orc's attack. The orc hits you but does no damage.
You barely miss the orc priest. Your headbutt misses the orc priest.
The orc priest calls down the wrath of Beogh upon you.
Beogh smites you!
You die...

Skill      XL: |  1  2 |
---------------+-------+-----
Fighting       | 4 |  4.2
Shields        | 4 |  4.3
Armour         | 4 |  4.2
Long Blades    | 3 |  3.2

Action                   || total
-------------------------++-------
Melee: Long sword        ||    89
       Headbutt          ||    14
Armor: Scale mail        ||    14
       Chain mail        ||    35
Dodge: Dodged            ||    30
Block: Buckler           ||    12

Levels and vault maps discovered:
D:1:      heliophobic_arrival_dark_side_of_the_moon, layout_basic,
          ebering_ecumenical_altar_abandoned, minivault_23,
          hangedman_decor_growths, minmay_misc_feat_room, minmay_strange_pillars
D:2:      layout_loops_ring
D:3:      layout_loops_corners, skrybe_limestone_x

Notes
Turn   | Place    | Note
-------+----------+-------------------------------------------
     0 | D:1      | Faeu the Minotaur Fighter began the quest for the Orb.
     0 | D:1      | Reached XP level 1. HP: 19/19 MP: 0/0
     0 | D:1      | magus.rc [v1.9.6]
   217 | D:1      | Reached XP level 2. HP: 27/27 MP: 1/1
   334 | D:1      | Found a faded altar of an unknown god.
   359 | D:1      | Reached skill level 4 in Fighting
   359 | D:1      | Reached skill level 4 in Shields
   489 | D:1      | Reached skill level 4 in Armour
   756 | D:1      | Reached skill level 3 in Long Blades
   773 | D:2      | Reached XP level 3. HP: 29/33 MP: 2/2
  1175 | D:2      | You pick up a book of Maledictions and begin reading...
  1175 | D:2      | You add the spells Tukima's Dance, Anguish and Enfeeble to
                  | your library.
  1785 | D:3      | Killed from afar by an orc priest

Vanquished Creatures
  A dart slug (D:1)
  12 endoplasms
  5 giant cockroaches
  5 goblins
  3 hobgoblins
  2 ball pythons (D:1)
  5 bats
  8 frilled lizards
  6 kobolds
  5 rats
52 creatures vanquished.

Table legend:
 A = Non-vault XP
 B = Vault XP
 C = Vault XP percentage of total XP
 D = Non-vault monster count
 E = Vault monster count
 F = Vault count percentage of total count
                 A         B        C        D         E       F
            +---------+---------+-------+---------+---------+-------
      Total |      84 |       0 |   0.0 |      52 |       0 |   0.0
            +---------+---------+-------+---------+---------+-------
        D:1 |      39 |       0 |   0.0 |      24 |       0 |   0.0
        D:2 |      27 |       0 |   0.0 |      18 |       0 |   0.0
        D:3 |      18 |       0 |   0.0 |      10 |       0 |   0.0
            +---------+---------+-------+---------+---------+-------

Illustrated notes

Table legend:
 A = Kills in this place as a percentage of kills in entire the game.
 B = Kills by you in this place as a percentage of kills by you in the entire game.
 C = Kills by friends in this place as a percentage of kills by friends in the entire game.
 D = Other kills in this place as a percentage of other kills in the entire game.
 E = Experience gained in this place as a percentage of experience gained in the entire game.
 F = Experience gained in this place divided by the number of levels of this place that you have seen.
                   A       B       C       D       E      F
               +-------+-------+-------+-------+-------+----------------------
         Total | 100.0 | 100.0 |   N/A |   N/A | 100.0 |  28.0
       Dungeon | 100.0 | 100.0 |   N/A |   N/A | 100.0 |  28.0
               +-------+-------+-------+-------+-------+----------------------

Table legend: (Time is in decaauts)
 A = Elapsed time spent in this place.
 B = Non-inter-level travel time spent in this place.
 C = Inter-level travel time spent in this place.
 D = Time resting spent in this place.
 E = Time spent auto-exploring this place.
 F = Levels seen in this place.
 G = Mean time per level.
                   A        B        C        D        E       F      G
               +--------+--------+--------+--------+--------+-----+--------+
         Total |   1809 |   1783 |     26 |      0 |   1274 |   3 |  603.0 |
       Dungeon |   1809 |   1783 |     26 |      0 |   1274 |   3 |  603.0 |
               +--------+--------+--------+--------+--------+-----+--------+

Top non-repeatable levels by time:
     D:1: 779 daAuts
     D:2: 692 daAuts
     D:3: 338 daAuts
